 Dungeon Crawl Stone Soup version 0.32-a0-996-gb3226c233f (webtiles) character file.

Game seed: 9005952747395192211

60 jasper the Chopper (level 3, 0/31 HPs)
             Began as a Mountain Dwarf Fighter on Apr 23, 2024.
             Slain by a gnoll
             ... wielding a +0 halberd of protection
              (9 damage)
             ... on level 2 of the Dungeon.
             The game lasted 00:02:41 (1085 turns).

jasper the Chopper (Mountain Dwarf Fighter)         Turns: 1085, Time: 00:02:41

Health: 0/31       AC:  6    Str: 20    XL:     3   Next: 80%
Magic:  3/3        EV:  8    Int:  8    God:
Gold:   134        SH:  3    Dex:  9    Spells: 2/2 levels left

rFire   . . .        a - +0 war axe
rCold   . . .        c - +0 buckler
rNeg    . . .        b - +0 scale mail
rPois   .            (no helmet)
rElec   .            (no cloak)
rCorr   .            (no gloves)
SInv    .            (no boots)
Will    .....        (no amulet) Stlth
                     (no ring)
HPRegen 0.25/turn    (no ring)
MPRegen 0.08/turn

%: no passive effects
@: mighty
A: runic magic, artefact enchanting
a: no special abilities


You were on level 2 of the Dungeon.
You visited 1 branch of the dungeon, and saw 2 of its levels.

You collected 134 gold pieces.

Inventory:

Hand Weapons
 a - a +0 war axe (weapon)
Armour
 b - a +0 scale mail (worn)
 c - a +0 buckler (worn)
Scrolls
 f - a scroll of fear {unknown}
 g - 2 scrolls of identify {unknown}
 h - a scroll of teleportation {unknown}
 i - a scroll of immolation {unknown}
Potions
 e - a potion of curing {unknown}


   Skills:
 - Level 3.2(1.6) Fighting
 + Level 5.1(2.5) Axes
 - Level 3.2(1.6) Armour
 - Level 3.2(1.6) Shields


You had 2 spell levels left.
You didn't know any spells.
Your spell library contained the following spells:

 Spells                   Type           Power      Damage    Failure   Level
 Call Imp                 Summ           0%         N/A       71%         2
 Cigotuvi's Dreadful Rot  Necr/Alch/Air  0%         N/A       71%         2
 Sublimation of Blood     Necr           0%         N/A       71%         2
 Dispel Undead            Necr           0%         3d6       100%        4
 Martyr's Knell           Necr/Summ      0%         N/A       100%        4
 Summon Hydra             Summ           0%         N/A       100%        7


Dungeon Overview and Level Annotations

Branches:
Dungeon (2/15)

Altars:
Ashenzari


Innate Abilities, Weirdness & Mutations

Your spellcasting is much less encumbered by armour.
You can use scrolls of enchantment on lesser artefacts.


Message History

The gnoll hits you from afar with a +0 spear.
The hobgoblin hits you. The gnoll hits you with a +0 club.
You take 10 damage, and have 16/31 hp.
MASSIVE DAMAGE!!
You completely miss the gnoll.
The gnoll is lightly wounded.
You slash the hobgoblin!
You kill the hobgoblin!
The gnoll barely misses you. You block the gnoll's attack.
You slice the gnoll!!
You kill the gnoll!
The gnoll hits you from afar with a +0 spear.
The gnoll hits you but does no damage.
You take 1 damage, and have 16/31 hp.
The gnoll hits you with a +0 spear.
Things that are here:
a +0 club; a gnoll corpse; a hobgoblin corpse You take 3 damage, and have 13/31 hp.
You slash the gnoll!
The gnoll is almost dead.
The gnoll completely misses you.
You slice the gnoll!!
You kill the gnoll!
The gnoll hits you with a +0 flail.
Your base Axes skill increases to level 5!
You take 2 damage, and have 12/31 hp.
You barely miss the gnoll. The gnoll hits you but does no damage.
The gnoll hits you with a +0 flail.
* * * LOW HITPOINT WARNING * * *
The gnoll closely misses you.
You take 3 damage, and have 9/31 hp.
You hit the gnoll.
The gnoll is moderately wounded.
The gnoll barely misses you. The gnoll closely misses you.
You hit the gnoll.
The gnoll is heavily wounded.
The gnoll hits you with a +0 flail.
* * * LOW HITPOINT WARNING * * *
The gnoll hits you but does no damage. The gnoll barely misses you.
The gnoll hits you from afar with a +0 halberd of protection!
You die...

#. #.# .# #.#
..#.# .#.## ... #
#.# .# #†# .# #.#
. ### #@# #.# #..
#g# ..#.#
#.#######g#######
..#.#
#................
#.#.#
#..######$#######
..#.####..# #.#
#.#.......# #.#
#.........# #.#
........#.# #.#


You could see 2 gnolls.

Vanquished Creatures
  2 gnolls (D:2)
  A dart slug (D:1)
  A bat (D:1)
  2 endoplasms (D:1)
  2 giant cockroaches
  2 goblins
  4 hobgoblins
  3 jackals (D:2)
  5 kobolds (D:1)
  A quokka (D:1)
  7 ball pythons
  4 frilled lizards
  2 rats (D:1)
36 creatures vanquished.

Notes
Turn   | Place    | Note
-------+----------+-------------------------------------------
     0 | D:1      | jasper the Mountain Dwarf Fighter began the quest for the
                  | Orb.
     0 | D:1      | Reached XP level 1. HP: 19/19 MP: 1/1
    90 | D:1      | Reached skill level 3 in Axes
   108 | D:1      | Reached XP level 2. HP: 12/26 MP: 2/2
   380 | D:1      | Found a faded altar of an unknown god.
   385 | D:1      | Reached skill level 4 in Axes
   392 | D:1      | Prayed at the altar of an unknown god.
   392 | D:1      | Became a worshipper of Ashenzari the Shackled
   394 | D:1      | Fell from the grace of Ashenzari
   610 | D:1      | Reached XP level 3. HP: 31/31 MP: 3/3
  1083 | D:2      | Reached skill level 5 in Axes
  1085 | D:2      | Slain by a gnoll

Illustrated notes

Levels and vault maps discovered:
D:1:      giann_horns, layout_basic, dreamdust_ecumenical_altar_grove,
          minmay_tiny_reverse_x
D:2:      layout_basic, grunt_ministairs_5

Skill      XL: |  1  2  3 |
---------------+----------+-----
Axes           | 3 4 5 |  5.1
Fighting       | |  3.2
Armour         | |  3.2
Shields        | |  3.2

Action                     || total
---------------------------++-------
  Melee: War axe           ||   105
 Invoke: Renounce Religion ||     1
    Use: Potion            ||     1
 Armour: Scale mail        ||   116
  Dodge: Dodged            ||    50
  Block: Buckler           ||    29

Table legend: (Time is in decaauts)
 A = Elapsed time spent in this place.
 B = Non-inter-level travel time spent in this place.
 C = Inter-level travel time spent in this place.
 D = Time resting spent in this place.
 E = Time spent auto-exploring this place.
 F = Levels seen in this place.
 G = Mean time per level.
                   A        B        C        D        E       F      G
               +--------+--------+--------+--------+--------+-----+--------+
         Total |   1128 |   1100 |     28 |      0 |    811 |   2 |  564.0 |
       Dungeon |   1128 |   1100 |     28 |      0 |    811 |   2 |  564.0 |
               +--------+--------+--------+--------+--------+-----+--------+

Top non-repeatable levels by time:
     D:1: 890 daAuts
     D:2: 237 daAuts
